 Dungeon Crawl Stone Soup version 0.32-a0-589-g2d1f746d5d (webtiles) character file.

Game seed: 10175583627242865305

61 Dirtsage the Chopper (level 3, -1/29 HPs)
             Began as a Demonspawn Berserker on Mar 2, 2024.
             Was a Believer of Trog.
             Slain by a ribbon worm (4 damage)
             ... on level 2 of the Dungeon.
             The game lasted 00:02:27 (1517 turns).

Dirtsage the Chopper (Demonspawn Berserker)         Turns: 1517, Time: 00:02:28

Health: -1/29      AC:  5    Str: 19    XL:     3   Next: 83%
Magic:  0/3        EV:  6    Int:  7    God:    Trog [**....]
Gold:   144        SH:  0    Dex: 12    Spells: 2/2 levels left

rFire   . . .        a - +0 hand axe
rCold   . . .        (no shield)
rNeg    + . .        p - +0 ring mail
rPois   .            (helmet restricted)
rElec   .            (no cloak)
rCorr   .            (no gloves)
SInv    .            (no boots)
Will    .....        d - amulet of guardian spirit
Stlth   +            N - ring of positive energy
HPRegen 0.24/turn    (no ring)
MPRegen 0.08/turn

%: guardian spirit
@: on berserk cooldown, held, slowed, very slow
A: horns 1, spiny 1
a: Renounce Religion, Berserk, Trog's Hand


You were on level 2 of the Dungeon.
You worshipped Trog.
Trog was pleased with you.
You visited 1 branch of the dungeon, and saw 2 of its levels.

You collected 144 gold pieces.

Inventory:

Hand Weapons
 a - a +0 hand axe (weapon)
Armour
 b - a +0 animal skin
 p - a +0 ring mail (worn)
Jewellery
 d - an amulet of guardian spirit (around neck)
 j - a ring of fire
 N - a ring of positive energy (left hand)
Scrolls
 h - a scroll of identify {unknown}
 k - a scroll of acquirement {unknown}
 l - a scroll of fear {unknown}
 n - a scroll of fog {unknown}
Potions
 c - 3 potions of haste {unknown}
 e - a potion of mutation {unknown}
 f - 2 potions of attraction {unknown}
 g - a potion of brilliance {unknown}
 i - a potion of curing {unknown}
 m - 2 potions of might {unknown}
 o - a potion of magic {unknown}


   Skills:
 - Level 3.0 Fighting
 + Level 4.4 Axes
 - Level 1.7 Armour
 - Level 1.7 Dodging


You had 2 spell levels left.
You didn't know any spells.
Your spell library was empty.

Dungeon Overview and Level Annotations

Branches:
Dungeon (2/15)

Altars:


Innate Abilities, Weirdness & Mutations

You have a pair of small horns on your head.
You are partially covered in sharp spines.


Message History

You barely miss the ribbon worm.
The ribbon worm is heavily wounded.
You hit the ribbon worm.
You kill the ribbon worm!
Trog accepts your kill.
The ribbon worm is struck by your spines.
The ribbon worm bites you.
* * * LOW HITPOINT WARNING * * *
The frilled lizard is struck by your spines.
You kill the frilled lizard!
Trog accepts your kill.
The ribbon worm expels a string of sticky webbing.
The stream of webbing hits you but does no damage.
You are caught in a web!
You take 1 damage, and have 7/29 hp.
You now have 1/3 mp.
You struggle to detach yourself from the web.
The ribbon worm bites you.
* * * LOW HITPOINT WARNING * * *
You take 2 damage, and have 5/29 hp.
You struggle to detach yourself from the web.
The ribbon worm bites you.
* * * LOW HITPOINT WARNING * * *
You take 3 damage, and have 2/29 hp.
You struggle to detach yourself from the web.
The ribbon worm bites you.
* * * LOW HITPOINT WARNING * * *
You now have 0/3 mp.
The web tears apart.
The ribbon worm is struck by your spines.
The ribbon worm barely misses you.
You barely miss the ribbon worm.
The ribbon worm is heavily wounded.
The ribbon worm expels a string of sticky webbing.
The stream of webbing hits you but does no damage.
You are caught in a web!
The ribbon worm is struck by your spines.
The ribbon worm completely misses you.
You struggle to detach yourself from the web.
The ribbon worm bites you.
You die...

............................'....
###########..############...#####
..........##..# #...#
###......####.######### #####
#........# ..#......# #.#......#
#........#
#.#.....#######.......#
#...............†.....##
###############.@†..)... .....#
##†w#..... .....# #..# ....
.##### #..# .. .## ##.. ..# .#
... #.# .# #.## #.#####.# .#
#.)...#.#


You could see a ribbon worm (catching breath).

Vanquished Creatures
  2 dart slugs (D:2)
  A ribbon worm (D:2)
  4 bats
  6 endoplasms
  2 giant cockroaches (D:1)
  6 goblins (D:1)
  3 hobgoblins
  4 jackals (D:2)
  2 quokkas (D:1)
  4 ball pythons
  3 frilled lizards
  9 kobolds
  4 rats
50 creatures vanquished.

Notes
Turn   | Place    | Note
-------+----------+-------------------------------------------
     0 | D:1      | Dirtsage the Demonspawn Berserker began the quest for the
                  | Orb.
     0 | D:1      | Reached XP level 1. HP: 18/18 MP: 1/1
    89 | D:1      | Reached skill level 3 in Axes
   200 | D:1      | Gained mutation: You have a pair of small horns on your
                  | head. [demonic ancestry]
   200 | D:1      | Reached XP level 2. HP: 14/24 MP: 2/2
   425 | D:1      | Reached ** piety under Trog
   676 | D:1      | Gained mutation: You are partially covered in sharp spines.
                  | [demonic ancestry]
   676 | D:1      | Reached XP level 3. HP: 29/29 MP: 3/3
  1083 | D:2      | Reached skill level 4 in Axes
  1517 | D:2      | Slain by a ribbon worm

Illustrated notes

Levels and vault maps discovered:
D:1:      lightli_arrival_windingriver, layout_basic, minmay_three_crescents
D:2:      layout_basic, serial_bayou_lagoon_a

Skill      XL: |  1  2  3 |
---------------+----------+-----
Axes           | 3 4 |  4.4
Fighting       | |  3.0
Armour         | |  1.7
Dodging        | |  1.7

Action                     || total
---------------------------++-------
  Melee: Hand axe          ||   105
         Headbutt          ||    10
 Invoke: Berserk           ||     1
 Armour: Animal skin       ||    53
         Ring mail         ||    24
  Dodge: Dodged            ||    68

Table legend: (Time is in decaauts)
 A = Elapsed time spent in this place.
 B = Non-inter-level travel time spent in this place.
 C = Inter-level travel time spent in this place.
 D = Time resting spent in this place.
 E = Time spent auto-exploring this place.
 F = Levels seen in this place.
 G = Mean time per level.
                   A        B        C        D        E       F      G
               +--------+--------+--------+--------+--------+-----+--------+
         Total |   1535 |   1480 |     55 |      0 |   1164 |   2 |  767.5 |
       Dungeon |   1535 |   1480 |     55 |      0 |   1164 |   2 |  767.5 |
               +--------+--------+--------+--------+--------+-----+--------+

Top non-repeatable levels by time:
     D:1: 1043 daAuts
     D:2: 492 daAuts
